 Dungeon Crawl Stone Soup version 0.21-a0-405-gf2af9a1 (webtiles) character file.

70 bombpersons the Sneak (level 4, -1/33 HPs)
             Began as a Merfolk Assassin on Nov 1, 2017.
             Slain by an adder (3 damage)
             ... on level 2 of the Dungeon.
             The game lasted 00:13:31 (1577 turns).

bombpersons the Sneak (Merfolk Assassin)            Turns: 1577, Time: 00:13:32

Health: -1/33      AC:  3    Str: 10 (11) XL:     4   Next: 21%
Magic:  4/4        EV: 12    Int:  9 (10) God:
Gold:   97         SH:  0    Dex: 13 (16) Spells: 3/3 levels left

rFire    . . .     SeeInvis .   a - +3 dagger
rCold    . . .     Gourm    .   (no shield)
rNeg     . . .     Faith    .   c - +0 robe
rPois    .         Spirit   .   (no helmet)
rElec    .         Reflect  .   d - +0 cloak
rCorr    .         Harm     .   (no gloves)
MR       .....                  (no boots)
Stlth    +++.......             (no amulet)
HPRegen  0.11/turn              (no ring)
MPRegen  0.09/turn              (no ring)

@: lethally poisoned (-1 -> -3)
A: change form in water, swift swim, stealthy swim
a: no special abilities


You were on level 2 of the Dungeon.
You were not hungry.

You visited 1 branch of the dungeon, and saw 2 of its levels.

You collected 97 gold pieces.

Inventory:

Hand Weapons
 a - a +3 dagger (weapon)
 b - a +0 blowgun
Missiles
 e - 8 poisoned needles
 f - 2 curare-tipped needles
 g - 19 arrows
Armour
 c - a +0 robe (worn)
 d - a +0 cloak (worn)
Scrolls
 j - a scroll of amnesia
 m - a scroll of recharging {unknown}
 n - a scroll of teleportation {unknown}
Potions
 h - 2 potions of degeneration


   Skills:
 - Level 2.1 Fighting
 + Level 3.3 Short Blades
 + Level 2.6 Throwing
 - Level 1.3 Dodging
 * Level 5.6 Stealth


You had 3 spell levels left.
You didn't know any spells.

Dungeon Overview and Level Annotations

Branches:
Dungeon (2/15)

Altars:
Nemelex Xobeh
Uskayaw


Message History

The adder poisons you!
You feel sick. The adder bites you.
* * * LOW HITPOINT WARNING * * *
It was a potion of degeneration.
There was something very wrong with that liquid.
You feel weakened.
You feel dopey.
You feel clumsy. The adder barely misses you.
It was a potion of magic.
Magic courses through your body.
* * * LOW HITPOINT WARNING * * *
You feel sick. The adder misses you.
As you read the scroll labeled PYOKHL GATUOPI, it crumbles to dust.
It is a scroll of identify.
j - a scroll of amnesia The adder barely misses you.
As you read the scroll labeled YKENNI UCIBICI, it crumbles to dust.
It is a scroll of enchant weapon.
Your +2 dagger glows red for a moment.
* * * LOW HITPOINT WARNING * * *
You feel sick. The adder bites you.
You die...

#########
#.@S?...#
#.###...## ###
#.##.....# ...
#.#......... ...
######.#........#
#...............#
#.#####.#.....#.#
#.#.((#.##...##.#
#.#...#.# .##
######


You could see a dagger and an adder.

Vanquished Creatures
  An adder (D:2)
  3 dart slugs
  A leopard gecko (D:1)
  A ball python (D:1)
  4 giant cockroaches
  8 goblins
  5 hobgoblins
  4 jackals (D:1)
  A quokka (D:2)
  8 bats
  5 frilled lizards
  6 kobolds (D:1)
  3 rats (D:1)
50 creatures vanquished.

Notes
Turn   | Place    | Note
-------+----------+-------------------------------------------
     0 | D:1      | bombpersons the Merfolk Assassin began the quest for the Orb.
     0 | D:1      | Reached XP level 1. HP: 16/16 MP: 1/1
   165 | D:1      | Reached XP level 2. HP: 20/22 MP: 2/2
   537 | D:1      | Reached skill level 5 in Stealth
   600 | D:1      | Reached XP level 3. HP: 25/27 MP: 3/3
  1330 | D:2      | Found a sparkling altar of Nemelex Xobeh.
  1391 | D:2      | Reached XP level 4. HP: 32/33 MP: 4/4
  1494 | D:2      | Found a hide-covered altar of Uskayaw.
  1506 | D:2      | Noticed a dagger
  1506 | D:2      | Noticed a dagger
  1577 | D:2      | Slain by an adder

Vault maps used:
D:1:      tarquinn_simple_flora_water_e
D:2:      dancing_weapons_uskayaw, nemelex_xobeh_ov_fountains_minmay,
          uniq_crazy_yiuf_cottage

Skill      XL: |  1  2  3 |
---------------+----------+-----
Stealth        | 5 |  5.6
Short Blades   | 3 |  3.3
Fighting       | |  2.1
Throwing       | |  2.6
Dodging        | |  1.3

Action                   |  1- 3 |  4- 6 || total
-------------------------+-------+-------++-------
Melee: Dagger            |   118 |    29 ||   147
  Use: Scroll            |       |     2 ||     2
       Potion            |       |     2 ||     2
 Stab: Sleeping          |    10 |     4 ||    14
  Eat: Bread ration      |     1 |       ||     1
       Fruit             |     1 |       ||     1
Armor: Robe              |    31 |     5 ||    36
Dodge: Dodged            |    77 |    17 ||    94

Table legend:
 A = Spawn XP
 B = Non-spawn XP
 C = Spawn XP percentage of total XP
 D = Spawn monster count
 E = Non-spawn monster count
 F = Spawn count percentage of total count
 G = Total turns spent on level
                    A         B        C        D         E        F      G
               +---------+---------+-------+---------+---------+-------+---------
         Total |       0 |     100 |   0.0 |       0 |      50 |   0.0 |  1577
               +---------+---------+-------+---------+---------+-------+---------
           D:1 |       0 |      61 |   0.0 |       0 |      35 |   0.0 |  1269
           D:2 |       0 |      39 |   0.0 |       0 |      15 |   0.0 |   308
               +---------+---------+-------+---------+---------+-------+---------
